 Dungeon Crawl Stone Soup version 0.26.1-11-gd32895ea62 (webtiles) character file.

Game seed: 2662449890605874288

207 Groucho the Sneak (level 5, -2/34 HPs)
             Began as an Octopode Venom Mage on July 26, 2021.
             Slain by Sigmund
             ... wielding a +5 scythe of freezing
              (6 damage)
             ... on level 5 of the Dungeon.
             The game lasted 00:09:37 (7273 turns).

Groucho the Sneak (Octopode Venom Mage)             Turns: 7273, Time: 00:09:38

Health: -2/34      AC:  1    Str:  8    XL:     5   Next: 85%
Magic:  3/8        EV: 13    Int: 18    God:
Gold:   122        SH:  0    Dex: 12    Spells: 0/9 levels left

rFire    . . .     SeeInvis .   (no weapon)
rCold    . . .     Faith    .   (no shield)
rNeg     . . .     Spirit   .   (helmet restricted)
rPois    .         Reflect  .   (no amulet)
rElec    .         Harm     .   (no ring)
rCorr    .         Rampage  .   (no ring)
Will     .....                  (no ring)
Stlth    ++++......             (no ring)
HPRegen  0.11/turn              (no ring)
MPRegen  0.11/turn              (no ring)
                                (no ring)
                                (no ring)

@: no status effects
A: almost no armour, stealthy swim, amphibious, 8 rings, constrict 8, tentacle
spike 1, camouflage 1, low mp 1, robust 1, gelatinous body 1
a: no special abilities


You were on level 5 of the Dungeon.
You visited 1 branch of the dungeon, and saw 5 of its levels.

You collected 122 gold pieces.

Inventory:

Jewellery
 e - an uncursed ring of protection from fire
Wands
 i - a wand of enslavement (10)
 q - a wand of random effects (8)
Scrolls
 a - 2 scrolls of enchant armour {unknown}
 b - a scroll of teleportation
 d - a scroll of immolation {unknown}
 f - 3 scrolls of identify
 h - a scroll of fear
 k - a scroll of remove curse
Potions
 c - a potion of might {unknown}
 g - 3 potions of lignification
 j - a potion of mutation
 l - a potion of flight
 n - a potion of berserk rage {unknown}
 o - 2 potions of heal wounds {unknown}
 p - a potion of cancellation {unknown}


   Skills:
 - Level 2.0 Dodging
 * Level 5.7 Stealth
 + Level 2.9 Spellcasting
 + Level 2.4 Transmutations
 + Level 4.6 Poison Magic


You couldn't memorise any spells.
You knew the following spells:

 Your Spells              Type           Power        Failure   Level
a - Sting                 Tmut/Pois      60%          3%          1
b - Poisonous Vapours     Pois/Air       22%          10%         2
c - Ignite Poison         Fire/Tmut/Pois 11%          19%         3
d - Mephitic Cloud        Conj/Pois/Air  8%           26%         3

Your spell library contained the following spells:

 Spells                   Type           Power        Failure   Level
 Magic Dart               Conj           8%           17%         1
 Olgreb's Toxic Radiance  Pois           19%          24%         4
 Searing Ray              Conj           4%           26%         2
 Dazzling Flash           Conj/Hex       4%           45%         3
 Fulminant Prism          Conj/Hex       1%           86%         4
 Iskenderun's Mystic Bla  Conj/Tloc      2%           86%         4


Dungeon Overview and Level Annotations

Branches:
Dungeon (5/15)
 Temple: D:4-7

Altars:

Annotations:
D:5 1 transporter, Grinder, Sigmund


Innate Abilities, Weirdness & Mutations

You cannot wear most types of armour.
You are very stealthy in the water. (Stealth+)
You are amphibious.
You can wear up to eight rings at the same time.
You can use your tentacles to constrict eight enemies at once.
Your skin changes colour to match your surroundings (Stealth+).
Your rubbery body absorbs attacks. (AC +1, EV +1)
One of your tentacles bears a spike.
Your magical capacity is low. (-10% MP)
You are robust. (+10% HP)


Message History

You tentacle-slap Sigmund but do no damage.
You pierce Sigmund.
Sigmund is severely wounded.
You constrict Sigmund. Sigmund closely misses you. Grinder closely misses you.
Unknown command.
Unknown command.
You tentacle-slap Sigmund but do no damage.
Sigmund is almost dead.
You constrict Sigmund.
Grinder blinks!
Sigmund struggles to escape constriction.
Unknown command.
Unknown command.
Unknown command.
You strike the helpless Sigmund from behind!
You tentacle-slap Sigmund but do no damage.
You pierce Sigmund.
Sigmund is almost dead.
You constrict Sigmund.
Sigmund seems less confused.
Sigmund hits you with a +5 scythe of freezing.
You die...

...........>#...###
.......#.#..........
######.#.###.#.#####
o5#P8#.#.....#...
≈≈#.P#.#.##### ###
..#..#...#
..+/©#©..#
..#..#..@#
≈≈#.P#.@.#
.5#P8#.5.#
######...#
.........#
..........
#####.##### #. #.


You could see Grinder, Sigmund, an orc priest and 2 shadow imps.

Vanquished Creatures
  Jessica (D:2)
  An iguana (D:2)
  A worker ant (D:3)
  A hound skeleton (D:3)
  3 adders
  A shadow imp (D:4)
  An ufetubus (D:5)
  3 worms
  2 dart slugs (D:1)
  5 leopard geckos
  3 orcs
  2 ball pythons (D:1)
  4 bats
  3 giant cockroaches (D:1)
  7 goblins
  7 hobgoblins
  4 jackals (D:2)
  A quokka (D:3)
  3 frilled lizards
  A jackal skeleton (D:4)
  2 kobolds
  6 rats
62 creatures vanquished.

Vanquished Creatures (others)
  8 plants (D:4)
8 creatures vanquished.

Grand Total: 70 creatures vanquished

Notes
Turn   | Place    | Note
-------+----------+-------------------------------------------
     0 | D:1      | Groucho the Octopode Venom Mage began the quest for the
                  | Orb.
     0 | D:1      | Reached XP level 1. HP: 11/11 MP: 3/3
    89 | D:1      | Reached skill level 3 in Stealth
    98 | D:1      | Reached XP level 2. HP: 15/17 MP: 5/5
  1377 | D:1      | Reached XP level 3. HP: 21/21 MP: 6/6
  2108 | D:2      | Reached skill level 4 in Stealth
  3041 | D:2      | Noticed Jessica
  3046 | D:2      | Killed Jessica
  3047 | D:2      | Reached XP level 4. HP: 27/27 MP: 4/7
  3645 | D:3      | Reached skill level 5 in Stealth
  3657 | D:3      | Reached XP level 5. HP: 21/31 MP: 4/9
  5077 | D:3      | Learned a level 2 spell: Poisonous Vapours
  5081 | D:3      | Learned a level 3 spell: Ignite Poison
  5085 | D:3      | Learned a level 3 spell: Mephitic Cloud
  5138 | D:3      | Found a faded altar of an unknown god.
  6651 | D:4      | Gained mutation: One of your tentacles bears a spike.
                  | [potion of mutation]
  6651 | D:4      | Gained mutation: Your magical capacity is low. (-10% MP)
                  | [potion of mutation]
  6651 | D:4      | Gained mutation: You are robust. (+10% HP) [potion of
                  | mutation]
  7186 | D:5      | Entered Level 5 of the Dungeon
  7252 | D:5      | Found a transporter.
  7257 | D:5      | Noticed Sigmund
  7262 | D:5      | Noticed Grinder
  7269 | D:5      | HP: 1/34 [Sigmund/+5 scythe of freezing (3)]
  7273 | D:5      | Slain by Sigmund

Illustrated notes

Levels and vault maps discovered:
D:1:      noname_arrival_rooms_in_the_neighbourhood, layout_basic,
          amcnicky_mini_corridor_feature
D:2:      layout_basic, amcnicky_mini_pool_small, uniq_jessica
D:3:      layout_basic, chequers_ecumenical_altar_grove
D:4:      layout_rooms, grunt_ministairs_9, serial_bayou_lake_a
D:5:      gammafunk_wand_slinger, layout_basic, uniq_edmund, uniq_grinder,
          uniq_pikel, uniq_sigmund

Skill      XL: |  1  2  3  4 |
---------------+-------------+-----
Stealth        | 3 4 5 |  5.7
Poison Magic   | 4 |  4.6
Transmutations | 2 |  2.4
Dodging        | |  2.0
Spellcasting   | |  2.9

Action                   |  1- 3 |  4- 6 || total
-------------------------+-------+-------++-------
Melee: Unarmed           |    91 |    55 ||   146
       Constrict         |    28 |    16 ||    44
       Tentacles         |    21 |    14 ||    35
       Kick              |       |    12 ||    12
Throw: Dart              |     7 |    44 ||    51
 Cast: Sting             |    14 |    23 ||    37
       Mephitic Cloud    |       |     2 ||     2
       Poisonous Vapours |       |     2 ||     2
       Ignite Poison     |       |     1 ||     1
Evoke: Wand              |       |     2 ||     2
  Use: Scroll            |       |     5 ||     5
       Potion            |       |     4 ||     4
 Stab: Sleeping          |     6 |     2 ||     8
       Confused          |       |     2 ||     2
Armor: Skin              |    12 |     2 ||    14
Dodge: Dodged            |    74 |    36 ||   110
